 Dungeon Crawl Stone Soup version 0.31-a0-167-g1c394c0614 (webtiles) character file.

Game seed: 9302012623109858986

291 CowFu the Ruffian (level 6, -2/53 HPs)
             Began as a Ghoul Monk on June 14, 2023.
             Was a Believer of Uskayaw.
             Slain by a gnoll
             ... wielding a +0 spear
              (5 damage)
             ... on level 4 of the Dungeon.
             The game lasted 00:02:24 (2305 turns).

CowFu the Ruffian (Ghoul Monk)                      Turns: 2305, Time: 00:02:24

Health: -2/53      AC:  3    Str: 15    XL:     6   Next: 32%
Magic:  5/5        EV: 13    Int:  5    God:    Uskayaw [**....]
Gold:   164        SH:  0    Dex: 13    Spells: 5/5 levels left

rFire   . .          .
                       - Unarmed
rCold   + . .        c - orb {light}
rNeg    + + +        a - +0 robe
rPois   ∞            i - +0 helmet
rElec   .            (no cloak)
rCorr   .            (no gloves)
SInv    .            (no boots)
Will    .....        (no amulet)
Stlth   +            (no ring)
HPRegen 0.00/turn    (no ring)
MPRegen 0.09/turn

%: no passive effects
@: inhibited regen, glowing
A: claws 1, cold resistance 1, negative energy resistance 3, inhibited
regeneration, torment resistance 2, devour on kill
a: Renounce Religion, Stomp, Line Pass


You were on level 4 of the Dungeon.
You worshipped Uskayaw.
Uskayaw was noncommittal.
You visited 1 branch of the dungeon, and saw 4 of its levels.

You collected 164 gold pieces.

Inventory:

Hand Weapons
 m - the +3 hand axe "Beastslayer" {flame, Fragile rF++ rCorr SInv}
   (You found it on level 3 of the Dungeon)

   rF:        It greatly protects you from fire.
   SInv:      It lets you see invisible.
   rCorr:     It protects you from acid and corrosion.
   Fragile:   It will be destroyed if unequipped.
Armour
 a - a +0 robe (worn)
 c - an orb of light (worn)
 i - a +0 helmet (worn)
Jewellery
 h - a +6 ring of intelligence
Scrolls
 k - 2 scrolls of identify {unknown}
 n - a scroll of vulnerability {unknown}
 o - a scroll of enchant armour {unknown}
Potions
 b - a potion of ambrosia
 d - a potion of enlightenment {unknown}
 e - a potion of degeneration {unknown}
 f - 3 potions of curing {unknown}
 g - a potion of invisibility {unknown}
 j - a potion of brilliance {unknown}
 l - a potion of haste {unknown}


   Skills:
 + Level 4.4 Fighting
 + Level 2.1 Armour
 + Level 3.7 Dodging
 * Level 5.4 Unarmed Combat


You had 5 spell levels left.
You didn't know any spells.
Your spell library was empty.

Dungeon Overview and Level Annotations

Branches:
Dungeon (4/15)
 Temple: D:4-7

Altars:
Gozag
Okawaru
Ru
Uskayaw

Shops:
D:3 (


Innate Abilities, Weirdness & Mutations

You are immune to poison.
You have sharp fingernails.
Your flesh is cold resistant. (rC+)
You are immune to negative energy. (rN+++)
You do not regenerate when monsters are visible.
You are immune to unholy pain and torment.
You thrive by killing the living.


Message History

The gnoll hits you but does no damage.
You claw the gnoll!
You kill the gnoll!
A gnoll comes into view. It is wielding a +0 flail.
The gnoll barely misses you. The gnoll hits you with a +0 spear.
Things that are here:
a +0 flail; a gnoll corpse You scratch the gnoll.
The gnoll is heavily wounded.
The gnoll hits you with a +0 spear. x2
You can now pass through a line of other dancers.
You scratch the gnoll but do no damage.
The gnoll is heavily wounded.
The gnoll hits you with a +0 spear. The gnoll barely misses you.
The gnoll hits you with a +0 spear!
* * * LOW HITPOINT WARNING * * *
You are too injured to fight recklessly!
You are too injured to fight recklessly!
You are too injured to fight recklessly!
You are too injured to fight recklessly!
You are too injured to fight recklessly!
You are too injured to fight recklessly!
You are too injured to fight recklessly!
You are too injured to fight recklessly!
You are too injured to fight recklessly!
You are too injured to fight recklessly!
You are too injured to fight recklessly!
You are too injured to fight recklessly!
You are too injured to fight recklessly!
You are too injured to fight recklessly!
You are too injured to fight recklessly!
You are too injured to fight recklessly!
The gnoll attacks as you move away! The gnoll hits you with a +0 spear!
* * * LOW HITPOINT WARNING * * *
The gnoll closely misses you. x2
There is a stone staircase leading up here.
Okay, then.
The gnoll misses you.
The gnoll hits you from afar with a +0 spear.
You die...

♣...♣ ♣♣...♣♣
♣.....♣♣♣♣♣#
...........
..........
.S.......
#g...#
##+#####gg..#
.......@....#
......##....#
..... ###+##
..$.~~≈#≈
....
!.~w≈≈~≈≈ ###
.#≈≈≈~♣$.
.~#≈≈~..~
~~≈≈≈~~.~
≈≈≈≈≈~≈.~
≈≈~~~~..!


You could see 3 gnolls and an adder.

Vanquished Creatures
  An orc priest (D:3)
  Jessica (D:3)
  Terence (D:2)
  Natasha (D:3)
  An orc wizard (D:3)
  Robin (D:3)
  A gnoll (D:4)
  5 adders
  4 dart slugs
  3 orcs (D:3)
  3 ball pythons
  8 endoplasms
  4 giant cockroaches
  18 goblins
  4 hobgoblins
  11 jackals
  A quokka (D:2)
  4 bats
  A frilled lizard (D:3)
  5 kobolds
  4 rats
82 creatures vanquished.

Notes
Turn   | Place    | Note
-------+----------+-------------------------------------------
     0 | D:1      | CowFu the Ghoul Monk began the quest for the Orb.
     0 | D:1      | Reached XP level 1. HP: 19/19 MP: 0/0
   228 | D:1      | Found a faded altar of an unknown god.
   284 | D:1      | Reached XP level 2. HP: 19/26 MP: 1/1
   294 | D:1      | Prayed at the altar of an unknown god.
   294 | D:1      | Became a worshipper of Uskayaw the Reveller
   294 | D:1      | Reached * piety under Uskayaw
   294 | D:1      | Reached ** piety under Uskayaw
   543 | D:1      | You fall into a shaft and drop 1 floor!
   552 | D:2      | Reached XP level 3. HP: 31/31 MP: 2/2
   589 | D:2      | Reached skill level 4 in Unarmed Combat
   667 | D:2      | Found a sacrificial altar of Ru.
   686 | D:2      | Reached skill level 1 in Armour
   873 | D:2      | Noticed Terence
   887 | D:2      | Killed Terence
   888 | D:2      | Reached XP level 4. HP: 10/40 MP: 3/3
  1196 | D:3      | Found an iron altar of Okawaru.
  1217 | D:3      | Identified the +3 hand axe "Beastslayer" {flame, Fragile
                  | rF++ rCorr SInv}
  1276 | D:3      | Noticed Robin
  1319 | D:3      | Killed Robin
  1319 | D:3      | Reached *** piety under Uskayaw
  1320 | D:3      | Reached XP level 5. HP: 13/46 MP: 4/4
  1472 | D:3      | Noticed Natasha
  1476 | D:3      | Noticed Jessica
  1480 | D:3      | Killed Natasha
  1482 | D:3      | Killed Jessica
  1595 | D:3      | Found Azakhl Ochauwn's Antique Weapon Emporium.
  1818 | D:3      | Reached skill level 5 in Unarmed Combat
  1838 | D:3      | Found an opulent altar of Gozag.
  2060 | D:3      | Reached XP level 6. HP: 47/52 MP: 5/5
  2071 | D:3      | Reached **** piety under Uskayaw
  2305 | D:4      | Slain by a gnoll

Illustrated notes

Levels and vault maps discovered:
D:1:      mrwooster_arrival_statue_2, layout_basic,
          ebering_ecumenical_altar_sacrificial
D:2:      minmay_wonky_spiral, layout_rooms, basic_altar, uniq_terence
D:3:      layout_basic, okawaru_ov_weapons_minmay,
          mainiacjoe_overflow_small_starburst, serial_shops, shop,
          dreamdust_wishing_well, uniq_jessica, uniq_robin, uniq_natasha
D:4:      kennysheep_slugbush, layout_gridville, fedhas_altar_fruit_tree

Skill      XL: |  1  2  3  4  5 |
---------------+----------------+-----
Dodging        | 3 |  3.7
Unarmed Combat | 4 5 |  5.4
Armour         | 1 2 |  2.1
Fighting       | 4 |  4.4

Action                     |  1- 3 |  4- 6 || total
---------------------------+-------+-------++-------
  Melee: Unarmed           |    78 |   119 ||   197
   Stab: Paralysed         |       |     2 ||     2
 Armour: Robe              |    12 |    36 ||    48
  Dodge: Dodged            |    41 |   115 ||   156

Table legend: (Time is in decaauts)
 A = Elapsed time spent in this place.
 B = Non-inter-level travel time spent in this place.
 C = Inter-level travel time spent in this place.
 D = Time resting spent in this place.
 E = Time spent auto-exploring this place.
 F = Levels seen in this place.
 G = Mean time per level.
                   A        B        C        D        E       F      G
               +--------+--------+--------+--------+--------+-----+--------+
         Total |   2301 |   2246 |     55 |      0 |   1772 |   4 |  575.2 |
       Dungeon |   2301 |   2246 |     55 |      0 |   1772 |   4 |  575.2 |
               +--------+--------+--------+--------+--------+-----+--------+

Top non-repeatable levels by time:
     D:3: 1086 daAuts
     D:2: 647 daAuts
     D:1: 540 daAuts
     D:4: 26 daAuts
